 Dungeon Crawl Stone Soup version 0.30-a0-360-g447f08457e (webtiles) character file.

Game seed: 18405855567647596896

562913 Lobster4 the Crack Shot (level 27, -17/204 HPs)
             Began as a Human Hunter on Nov 12, 2022.
             Was the Champion of Hepliaklqana.
             Killed from afar by a living spell (32 damage)
             ... with a crystal spear
             ... summoned by a walking crystal tome
             ... on level 3 of the Depths on Nov 13, 2022.
             The game lasted 04:15:24 (68790 turns).

Lobster4 the Crack Shot (Human Hunter)             Turns: 68790, Time: 04:15:25

Health: -17/204    AC: 36    Str: 26    XL:     27
Magic:  47/47      EV: 17    Int: 15    God:    Hepliaklqana [******]
Gold:   6527       SH: 30    Dex: 31    Spells: 41/48 levels left

rFire   + + +      SeeInvis .    a - +11 sling of Dominance {drain, Str+2}
rCold   + + .      Faith    .    T - +4 tower shield {reflect}
rNeg    + + .      Spirit   .    m - +10 plate armour "Put-Me-On" {rF+}
rPois   +          Reflect  +    f - -2 hat of the Alchemist {rElec rPois rF+ rC+ rN+ Will+ rMut rCorr}
rElec   +          Harm     .    q - +2 cloak {rF+}
rCorr   +          Rampage  +    S - +2 pair of gloves {Str+3}
rMut    +                        V - +2 pair of boots {rampage}
Will    ++++.                    v - amulet of Ru's Whim {Acrobat Rampage Int+4}
Stlth   ..........               W - ring of Udghai {Will+ MP+9 Str+3 Dex+4}
HPRegen 0.54/turn                h - ring of Gougol {rC+ rN+ Str+4}
MPRegen 0.30/turn

@: studying Polearms
A: reduced essence
}: 3/15 runes: serpentine, barnacled, silver
a: Renounce Religion, Recall Ancestor, Ancestor Identity, Transference, Idealise


You were on level 3 of the Depths.
You worshipped Hepliaklqana.
Hepliaklqana was exalted by your worship.
You visited 11 branches of the dungeon, and saw 47 of its levels.
You also visited: Sewer, Bailey, Ice Cave and Volcano.

You collected 10579 gold pieces.
You spent 4052 gold pieces at shops.

Inventory:

Hand Weapons
 a - the +11 sling of Dominance (weapon) {drain, Str+2}
   (You took it off a deep elf archer on level 3 of the Elven Halls)

   A truly terrible weapon, it drains the life of any living foe it strikes.
   Str:       It affects your strength (+2).
 b - the +10 zealot's sword {holy, *Rage rN+ EV+3}
   (You took it off a deep elf demonologist on level 3 of the Elven Halls)

   It has been blessed by the Shining One to cause great damage to the undead
   and demons.
   Whenever the wielder enters a berserk rage, their allies are berserked
   alongside them.
   EV:        It affects your evasion (+3).
   rN:        It protects you from negative energy.
   *Rage:     It berserks you when you make melee attacks (+20% chance).
 H - a +3 shortbow of flaming
 O - the +9 lance "Wyrmbane" {slay drac, rPois rF+ rC+ AC+3}
   (You found it on level 3 of the Crypt)

   It inflicts extra damage against dragons and draconians.
   AC:        It affects your AC (+3).
   rF:        It protects you from fire.
   rC:        It protects you from cold.
   rPois:     It protects you from poison.
 R - a +8 vorpal hand crossbow
Armour
 f - the -2 hat of the Alchemist (worn) {rElec rPois rF+ rC+ rN+ Will+ rMut rCorr}
   (You found it on level 5 of the Lair of Beasts)

   rF:        It protects you from fire.
   rC:        It protects you from cold.
   rElec:     It insulates you from electricity.
   rPois:     It protects you from poison.
   rN:        It protects you from negative energy.
   rCorr:     It protects you from acid and corrosion.
   rMut:      It protects you from mutation.
   Will:      It increases your willpower.
 m - the +10 plate armour "Put-Me-On" (worn) {rF+}
   (You bought it in a shop on level 3 of the Vaults)

   rF:        It protects you from fire.
 p - the +1 ring mail of the Lobster {rF++ Int+4 Dex+4}
   (You found it on level 2 of the Dungeon)

   Int:       It affects your intelligence (+4).
   Dex:       It affects your dexterity (+4).
   rF:        It greatly protects you from fire.
 q - a +2 cloak of fire resistance (worn)
 S - a +2 pair of gloves of strength (worn)
 T - a +4 tower shield of reflection (worn)
 V - a +2 pair of boots of rampaging (worn)
Jewellery
 c - a ring of see invisible
 h - the ring of Gougol (right hand) {rC+ rN+ Str+4}
   (You took it off a deep elf archer on level 3 of the Elven Halls)

   [ring of protection from cold]

   Str:       It affects your strength (+4).
   rC:        It protects you from cold.
   rN:        It protects you from negative energy.
 v - the amulet of Ru's Whim (around neck) {Acrobat Rampage Int+4}
   (You found it on level 2 of the Vaults)

   [amulet of the acrobat]

   It increases your evasion while moving and waiting.
   Int:       It affects your intelligence (+4).
   Rampage:   It bestows one free step when moving towards enemies.
 I - a ring of flight
 W - the ring of Udghai (left hand) {Will+ MP+9 Str+3 Dex+4}
   (You bought it in a shop on level 1 of the Snake Pit)

   [ring of magical power]

   Str:       It affects your strength (+3).
   Dex:       It affects your dexterity (+4).
   MP:        It affects your magic capacity (+9).
   Will:      It increases your willpower.
 Z - the dreamshard necklace {*Dream Drain}
   (You took it off a deep elf demonologist on level 3 of the Elven Halls)

   [amulet of nothing]

   It shatters if its wearer takes lethal or near-lethal damage, preventing the
   blow and releasing protective dreams that heal and fight for the wearer.
   Drain:     It drains your maximum health when unequipped.
Wands
 d - a wand of polymorph (35)
 F - a wand of digging (25)
 G - a wand of mindburst (12)
 J - a wand of light (17)
 M - a wand of roots (49)
 Q - a wand of flame (39)
Scrolls
 e - 5 scrolls of blinking
 g - 5 scrolls of teleportation
 j - 7 scrolls of butterflies
 o - 3 scrolls of immolation
 t - a scroll of poison
 w - 2 scrolls of enchant weapon
 y - a scroll of fear
 K - 4 scrolls of silence
Potions
 i - 22 potions of curing
 k - 4 potions of invisibility
 l - 6 potions of brilliance
 r - 5 potions of flight
 s - 8 potions of lignification
 u - 7 potions of cancellation
 x - 7 potions of heal wounds
 z - 7 potions of might
 A - 8 potions of ambrosia
 C - 6 potions of haste
 E - 6 potions of resistance
 L - 2 potions of berserk rage
 Y - 2 potions of magic
Miscellaneous
 n - a tin of tremorstones (2/2)
 B - a condenser vane
 D - the horn of Geryon
 N - a lightning rod (4/4)
 P - a phantom mirror
 X - a box of beasts


   Skills:
 + Level 20.9 Fighting
 - Level 10.0 Long Blades
 - Level 2.0 Maces & Flails
 + Level 8.6 Polearms
 + Level 22.7 Ranged Weapons
 - Level 1.0 Throwing
 + Level 15.6 Armour
 - Level 12.0 Dodging
 - Level 5.0 Stealth
 + Level 20.4 Shields
 - Level 11.0 Spellcasting
 - Level 7.0 Conjurations
 - Level 14.0 Ice Magic
 - Level 9.0 Invocations
 - Level 3.0 Evocations


You had 41 spell levels left.
You knew the following spells:

 Your Spells              Type           Power      Damage    Failure   Level
a - Freeze                Ice            100%       1d10      1%          1
b - Frozen Ramparts       Ice            100%       1d16      1%          3
c - Hailstorm             Conj/Ice       39%        3d9       4%          3

Your spell library contained the following spells:

 Spells                   Type           Power      Damage    Failure   Level
 Magic Dart               Conj           100%       1d8       7%          1
 Ensorcelled Hibernation  Hex/Ice        58%        N/A       10%         2
 Foxfire                  Conj/Fire      72%        2x1d7     28%         1
 Kiss of Death            Conj/Necr      72%        2d10      28%         1
 Momentum Strike          Conj/Tloc      36%        3d9       38%         2
 Static Discharge         Conj/Air       36%        2-4/arc   38%         2
 Ice Form                 Ice/Tmut       29%        N/A       54%         4
 Dazzling Flash           Conj/Hex       36%        N/A       63%         3
 Beastly Appendage        Tmut           16%        N/A       75%         1
 Mephitic Cloud           Conj/Pois/Air  15%        N/A       80%         3
 Call Imp                 Summ           8%         N/A       87%         2
 Cigotuvi's Dreadful Rot  Necr/Pois/Air  16%        N/A       87%         2
 Poisonous Vapours        Pois/Air       16%        N/A       87%         2
 Scorch                   Fire           16%        2d5       87%         2
 Sublimation of Blood     Necr           8%         N/A       87%         2
 Wereblood                Tmut           8%         N/A       87%         2
 Freezing Cloud           Conj/Ice/Air   14%        6-21      88%         5
 Iskenderun's Battlesphe  Conj           29%        2d8       88%         5
 Confusing Touch          Hex            8%         N/A       98%         3
 Gell's Gravitas          Tloc           8%         N/A       98%         3
 Spider Form              Tmut/Pois      8%         N/A       98%         3
 Summon Guardian Golem    Hex/Summ       8%         N/A       98%         3
 Teleport Other           Tloc           8%         N/A       98%         3
 Vhi's Electric Charge    Tloc/Air       16%        N/A       98%         3
 Anguish                  Hex/Necr       4%         N/A       100%        4
 Dispel Undead            Necr           8%         3d8       100%        4
 Petrify                  Tmut/Erth      8%         N/A       100%        4
 Agony                    Necr           8%         N/A       100%        5
 Arcjolt                  Conj/Air       9%         1d19      100%        5
 Blade Hands              Tmut           4%         N/A       100%        5
 Fireball                 Conj/Fire      9%         3d6       100%        5
 Irradiate                Conj/Tmut      9%         3d14      100%        5
 Lightning Bolt           Conj/Air       9%         1d21      100%        5
 Silence                  Hex/Air        4%         N/A       100%        5
 Summon Mana Viper        Hex/Summ       8%         N/A       100%        5
 Conjure Ball Lightning   Conj/Air       9%         3x3d6     100%        6
 Death Channel            Necr           4%         N/A       100%        6
 Dispersal                Tloc           4%         N/A       100%        6
 Simulacrum               Ice/Necr       14%        N/A       100%        6
 Dragon Form              Tmut           4%         N/A       100%        7
 Orb of Destruction       Conj           14%        9d7       100%        7
 Spellforged Servitor     Conj/Summ      9%         N/A       100%        7
 Borgnjor's Revivificati  Necr           4%         N/A       100%        8
 Maxwell's Capacitive Co  Air            4%         ∞         100%        8
 Necromutation            Tmut/Necr      4%         N/A       100%        8
 Death's Door             Necr           4%         N/A       100%        9
 Polar Vortex             Ice            25%        N/A       100%        9


Dungeon Overview and Level Annotations

Branches:
Dungeon (15/15)            Temple (1/1) D:5            Lair (5/5) D:11
 Shoals (4/4) Lair:3        Snake (4/4) Lair:2        Slime (0/5) Lair:4
    Orc (2/2) D:11            Elf (3/3) Orc:2        Vaults (5/5) D:13
  Crypt (3/3) Vaults:3       Tomb (0/3) Crypt:3      Depths (4/4) D:15
   Hell (visited)             Dis (0/7) Hell            Geh (0/7) Hell
    Coc (0/7) Hell            Tar (0/7) Hell            Zot (0/5) Depths:4
  Sewer (visited)          Bailey (visited)           IceCv (visited)
Volcano (visited)

Altars:
Ashenzari
Cheibriados
Dithmenos
Elyvilon
Fedhas
Gozag
Hepliaklqana
Kikubaaqudgha
Makhleb
Nemelex Xobeh
Okawaru
Qazlal
Ru
Sif Muna
Trog
Uskayaw
Vehumet
Wu Jian
Xom
Yredelemnul
Zin
The Shining One
Jiyva

Shops:
D:12 **   D:13 *   Orc:2 :*[([   Elf:2 !   Shoals:2 :   Shoals:3 :
Snake:1 =:=   Snake:2 (*   Snake:3 ?(:[   Vaults:1 ?=?:   Vaults:2 *
Vaults:3 [:(   Vaults:4 *

Portals:
Hell: Depths:1 Depths:2 Depths:3 Depths:4
Abyss: Depths:1 Depths:3
Pandemonium: Depths:2 Depths:3
Ziggurat: Depths:1
Trove: D:13 (give 8 scrolls of butterflies)


Message History

The walking crystal tome is severely damaged.
Fire: a) +11 sling of Dominance {drain, Str+2}
Press: ? - help, Q - select action, (/) - cycle Shift-Dir - straight line, f/p - walking crystal tome
Aim: a walking crystal tome (severely damaged, 89% to hit)
You shoot a sling bullet.
The sling bullet completely misses the walking crystal tome.
The walking crystal tome erupts in a flurry of living spells!
Fire: a) +11 sling of Dominance {drain, Str+2}
Press: ? - help, Q - select action, (/) - cycle Shift-Dir - straight line, f/p - walking crystal tome
Aim: a walking crystal tome (severely damaged, 89% to hit)
You shoot a sling bullet.
The sling bullet hits the walking crystal tome.
The walking crystal tome is severely damaged.
The walking crystal tome erupts in a flurry of living spells!
The living spell casts itself at you.
Your +4 tower shield of reflection reflects the crystal spear!
The crystal spear hits the living spell!!!!
You destroy the living spell!
The living spell casts itself at you.
Your +4 tower shield of reflection reflects the crystal spear!
The crystal spear hits the living spell!!
You destroy the living spell!
The living spell casts itself at you.
Your +4 tower shield of reflection reflects the crystal spear!
The crystal spear hits the living spell!!!
You destroy the living spell!
The walking crystal tome erupts in a flurry of living spells!
Fire: a) +11 sling of Dominance {drain, Str+2}
Press: ? - help, Q - select action, (/) - cycle Shift-Dir - straight line, f/p - walking crystal tome
Aim: a walking crystal tome (severely damaged, 89% to hit)
You shoot a sling bullet.
The sling bullet hits the walking crystal tome but does no damage.
The walking crystal tome is severely damaged.
The living spell casts itself at you. The crystal spear hits you!!!
* * * LOW HITPOINT WARNING * * *
The walking crystal tome barely misses you.
The living spell casts itself at you. The crystal spear hits you!!
You die...

#....#...##.....##......
#....#...##.....##......
#....##[.##.....(....##.
#....##..##..........##.
#.....'..'......##...##.
######....#..#......##.^.##.
##...##...##*.#####..##...##.
#....##...##;*##.##..##......
#..........<@.......[##...#..
#.........**.................
#....#######.........#....##.
#######...####..).........##.
#####....##...##..#..##..##...##.
#...#.........'..........##...##.
...........)..#...............##.
.....#........#...............##.
.......#.##..#######.#[..##...##.


You could see a walking crystal tome and 4 living crystal spells.

Vanquished Creatures
  Mennas (Vaults:4)
  Mara (Shoals:4)
  Boris (Depths:2)
  Frederick (Crypt:2)
  Parghit (Depths:3)
  2 curse toes (Crypt:3)
  Saint Roka (Crypt:2)
  A caustic shrike (Depths:2)
  Geryon (Hell)
  4 golden dragons
  Nikola (Snake:3)
  the Enchantress (Depths:3)
  A tentacled monstrosity (Vaults:5)
  A lich (Depths:3)
  A quicksilver dragon (Depths:3)
  A walking frostbound tome (Depths:3)
  A titan (Depths:2)
  2 sphinxes
  A deep elf blademaster (Elf:3)
  8 ancient champions
  6 shadow dragons
  4 storm dragons
  4 tengu reavers
  2 revenants
  An azure jelly (shapeshifter) (Vaults:5)
  3 nagarajas (Snake:4)
  5 frost giants
  3 fire giants
  Aizul (Snake:1)
  3 deep elf sorcerers
  A draconian scorcher (Depths:4)
  10 vault wardens
  A cacodemon (Hell)
  A caustic shrike zombie (Crypt:2)
  A draconian stormcaller (Depths:4)
  4 spriggan defenders (Depths:3)
  3 reapers
  3 orc warlords
  2 war gargoyles
  6 very ugly things
  11 ironbound preservers
  2 ghouls
  An ironbound thunderhulk (Vaults:1)
  2 vampire knights
  6 stone giants
  3 deep elf demonologists
  A lorocyproca (Hell)
  A wendigo (Hell)
  A minotaur (D:13)
  7 dire elephants
  3 spark wasps (Depths:3)
  5 deep elf annihilators
  A crystal guardian (Vaults:1)
  2 eidola
  2 deep elf death magi (Elf:3)
  8 ettins
  A blizzard demon (Depths:3)
  2 jiangshi (Depths:1)
  8 fire dragons
  10 yaktaur captains
  A spriggan zombie (D:15)
  30 vault guards
  3 deep elf high priests
  3 merfolk impalers
  2 great orbs of eyes
  3 ice dragons
  4 catoblepae
  A peacekeeper (Vaults:2)
  An alligator snapping turtle (Shoals:4)
  5 ironbound frosthearts
  A spriggan air mage (Depths:3)
  4 anacondas
  17 centaur warriors
  4 hydras
  A rakshasa (Depths:1)
  6 boulder beetles
  A death knight (Crypt:1)
  15 dancing weapons
  5 deep troll earth magi
  6 deep troll shamans
  5 two-headed ogres
  11 naga warriors
  A satyr (Shoals:4)
  2 two-headed ogres (shapeshifter)
  7 naga sharpshooters
  6 hell hogs
  A spriggan berserker (Depths:3)
  A vampire mage (Depths:1)
  An orc high priest (Orc:2)
  4 tengu warriors
  4 hell knights
  3 death yaks
  9 shock serpents
  7 soul eaters
  7 deep elf knights
  4 sun demons
  2 shadow wraiths
  3 glowing orange brains
  3 iron trolls
  A salamander mystic (Snake:4)
  14 skeletal warriors
  4 sea snakes
  2 sixfirhies (Depths:2)
  2 flayed ghosts
  A bog body (Crypt:3)
  22 deep trolls
  4 naga ritualists
  11 orc knights
  A kraken simulacrum (Shoals:4)
  5 deep elf archers (Elf:3)
  12 ironbound convokers
  16 deep elf pyromancers
  4 necromancers
  5 wizards
  Pikel (D:7)
  An orange crystal statue (Vaults:2)
  3 phantasmal warriors
  2 shadow dragon zombies
  8 lindwurms
  11 mana vipers
  A wolf spider (shapeshifter) (Vaults:4)
  19 deep elf zephyrmancers
  27 ugly things
  A tengu skeleton (Vaults:1)
  A jorogumo zombie (Crypt:2)
  20 cyclopes
  5 salamanders
  A goliath frog skeleton (Crypt:1)
  3 fauns
  3 orc sorcerers
  2 centaur zombies
  8 elephants
  8 manticores
  7 vault sentinels
  3 merfolk sirens
  An ice statue (IceCv)
  2 water nymphs
  A black mamba (shapeshifter) (Vaults:5)
  2 guardian serpents (Snake:3)
  5 rust devils (Hell)
  3 molten gargoyles
  2 orange demons (Depths:2)
  28 black mambas
  12 naga magi
  A centaur skeleton (Crypt:2)
  2 cane toads
  2 smoke demons (Depths:2)
  A hellion (Depths:2)
  The ghost of ytrimaz the Carver, a novice FoFi (D:4)
  3 gargoyles
  A kobold demonologist (D:13)
  A rime drake (Lair:5)
  An unseen horror (D:13)
  5 freezing wraiths
  2 spectral deep trolls (Crypt:3)
  A tengu conjurer (Depths:1)
  4 efreet
  5 komodo dragons
  32 yaktaurs
  4 guardian mummies
  8 ice devils
  4 anaconda simulacra (IceCv)
  A battlemage (Vaults:2)
  2 trolls
  6 merfolk
  2 hornets (Depths:3)
  16 blink frogs
  11 slime creatures
  2 snapping turtles
  A sphinx simulacrum (Vaults:2)
  An ettin zombie (D:15)
  A raiju (shapeshifter) (D:13)
  A wind drake (Shoals:1)
  7 dream sheep
  An ice dragon skeleton (Crypt:1)
  A shadow (D:11)
  A centaur simulacrum (D:12)
  An ettin skeleton (Vaults:4)
  A dire elephant simulacrum (IceCv)
  A water elemental (Shoals:4)
  Sigmund (D:5)
  6 wyverns
  23 yaks
  2 vampires
  3 wraiths
  2 spriggan skeletons
  6 spriggans
  3 hogs (Lair:5)
  9 fire elementals
  2 neqoxecs (Depths:2)
  3 basilisks (Lair:5)
  A sea snake simulacrum (Shoals:4)
  An elf skeleton (Vaults:1)
  A redback (D:13)
  14 vampire mosquitoes
  33 nagas
  Menkaure (D:7)
  3 harpy simulacra
  A warg (Orc:2)
  2 acid dragons (D:13)
  15 water moccasins
  Duvessa (D:7)
  5 hell hounds
  29 orc warriors
  2 black bears (D:5)
  An ettin simulacrum (Hell)
  The ghost of Encipher the Chopper, an amateur AtFi (D:3)
  5 wolves
  An ice beast (D:7)
  A satyr simulacrum (Shoals:4)
  7 ogres
  2 boggarts (Vaults:1)
  5 centaurs
  2 kobold brigands (D:9)
  A phantom (D:6)
  2 human zombies
  8 bullfrogs
  3 scorpions
  3 earth elementals
  A merfolk simulacrum (Shoals:4)
  3 necrophages
  A wight (D:10)
  An elephant simulacrum (Lair:1)
  23 killer bees
  An electric eel (Orc:2)
  7 lava snakes
  4 crimson imps (D:8)
  A jelly (D:6)
  A hound (D:5)
  19 orc priests
  A gnoll bouda (D:5)
  An iguana (D:5)
  16 orc wizards
  A polar bear simulacrum (IceCv)
  7 hell rats
  A wolf simulacrum (IceCv)
  11 adders
  8 gnolls
  7 white imps
  A worm (D:4)
  6 dart slugs
  112 orcs
  4 endoplasms
  4 giant cockroaches
  5 hobgoblins
  3 jackals (D:1)
  6 kobolds
  2 quokkas (D:2)
  8 ball pythons
  4 bats (D:1)
  14 frilled lizards
  15 goblins
  A jackal zombie (Crypt:2)
  An orc zombie (Crypt:1)
  9 rats
  A rat zombie (D:3)
  A creeping inferno (Hell)
  4 fire vortices
  A tentacle (Shoals:4)
1325 creatures vanquished.

Vanquished Creatures (collateral kills)
  An ancient lich (Vaults:4)
  A juggernaut (Depths:3)
  Boris (thrice) (Vaults:2 Depths:3 Crypt:2)
  Vv (Crypt:1)
  Bai Suzhen (Shoals:4)
  4 golden dragons
  4 tentacled monstrosities
  6 titans
  A lich (Vaults:5)
  A quicksilver dragon (Depths:3)
  2 deep elf master archers (Elf:3)
  A deep elf blademaster (Elf:3)
  An ancient champion (Crypt:3)
  A kraken (Shoals:2)
  3 sphinxes
  3 tengu reavers
  Polyphemus (Shoals:4)
  Kirke (Lair:5)
  5 storm dragons
  4 shadow dragons
  3 revenants
  2 nagarajas
  8 frost giants
  Ilsuiw (Shoals:4)
  An iron dragon (Hell)
  4 deep elf sorcerers (Elf:3)
  5 fire giants
  6 vault wardens
  3 deep elf elementalists (Elf:3)
  5 ghouls
  A curse skull (Crypt:2)
  2 spriggan defenders (Depths:3)
  4 reapers (Hell)
  3 war gargoyles
  5 ironbound preservers
  9 stone giants
  17 very ugly things
  A green draconian (Depths:4)
  3 ironbound thunderhulks
  A caustic shrike skeleton (Crypt:3)
  4 deep elf demonologists (Elf:3)
  4 vampire knights
  2 purple draconians (Depths:4)
  2 black draconians (Depths:4)
  A deep elf annihilator (Elf:3)
  4 dire elephants (Vaults:1)
  4 spark wasps
  2 yellow draconians (Depths:4)
  5 merfolk javelineers
  Snorg (D:11)
  A blizzard demon (Hell)
  6 deep elf death magi
  8 ettins
  5 merfolk impalers
  3 deep elf high priests
  9 fire dragons
  4 yaktaur captains
  5 great orbs of eyes
  An entropy weaver (Vaults:1)
  A spriggan zombie (Crypt:2)
  7 jiangshi
  4 hydras
  4 vault guards
  2 spriggan skeletons (Crypt:2)
  2 salamander tyrants (Snake:4)
  2 alligator snapping turtles
  A rakshasa (Depths:3)
  4 ice dragons
  3 merfolk avatars
  A peacekeeper (Vaults:1)
  3 centaur warriors
  2 hell beasts (Depths:3)
  5 anacondas
  A spriggan air mage (Depths:3)
  A death knight (Crypt:1)
  4 merfolk aquamancers
  3 boulder beetles
  A hell hog (Hell)
  4 two-headed ogres
  3 ironbound frosthearts
  The ghost of ParallaxScroll the Zephyrmancer, a journeyman DEAE of Elyvilon (D:11)
  A deep troll shaman (Depths:4)
  An Orb Guardian skeleton (Crypt:1)
  10 dancing weapons
  11 vampire magi
  3 naga warriors
  4 death yaks
  A tengu warrior (Depths:2)
  A naga sharpshooter (Snake:3)
  3 deep troll earth magi (Depths:4)
  A spriggan berserker (Depths:2)
  9 soul eaters
  7 hell knights
  A shock serpent (Snake:4)
  6 deep elf knights
  A shadow wraith (Hell)
  3 sun demons
  An iron troll (Depths:3)
  24 skeletal warriors
  A salamander mystic (Snake:4)
  A sixfirhy (Hell)
  11 sea snakes
  27 deep trolls
  3 glowing orange brains
  3 shadow demons
  4 flayed ghosts
  A kraken simulacrum (Shoals:4)
  7 deep elf archers
  3 wizards
  4 phantasmal warriors
  4 lindwurms
  4 naga ritualists
  A bog body (Crypt:3)
  A golden dragon skeleton (Crypt:1)
  7 necromancers
  5 harpies (Shoals:3)
  12 ironbound convokers
  14 deep elf pyromancers
  An orc knight (Vaults:2)
  5 salamanders
  5 fauns
  2 mana vipers
  15 ugly things
  14 deep elf zephyrmancers
  8 manticores
  An orc sorcerer (Orc:2)
  A goliath frog skeleton (Crypt:2)
  A cyclops (Shoals:2)
  An elephant (shapeshifter) (Vaults:4)
  A naga zombie (Crypt:2)
  2 centaur zombies
  A stone giant skeleton (Crypt:2)
  6 elephants
  A spectral iron troll (Crypt:3)
  13 black mambas
  A rust devil (Hell)
  8 vault sentinels
  7 naga magi
  5 merfolk sirens
  4 water nymphs
  A human skeleton (Vaults:1)
  3 molten gargoyles
  An ice statue (IceCv)
  2 guardian serpents
  3 human zombies
  A smoke demon (Depths:2)
  Maggie (D:7)
  An orange demon (Hell)
  2 centaur skeletons
  A gargoyle (D:13)
  2 minotaur zombies
  A cane toad (Lair:1)
  A purple draconian zombie (Crypt:3)
  A spectral deep troll (Crypt:3)
  6 freezing wraiths
  15 yaktaurs
  A kobold demonologist (D:12)
  2 tengu conjurers
  6 komodo dragons
  A guardian mummy (Crypt:3)
  An ice devil (IceCv)
  An elf skeleton (Vaults:4)
  A green draconian skeleton (Crypt:1)
  3 trolls
  The ghost of Cancer the Digger, a novice GrEE (D:5)
  A hydra zombie (Crypt:2)
  A purple draconian skeleton (Crypt:1)
  3 hornets
  29 merfolk
  5 wind drakes
  A polar bear (Lair:5)
  6 blink frogs
  10 snapping turtles
  13 slime creatures
  6 dream sheep
  A meliai zombie (D:12)
  4 flying skulls (Crypt:1)
  An ettin skeleton (Vaults:1)
  A dire elephant simulacrum (Crypt:2)
  2 wraiths (Crypt:1)
  A shadow (D:11)
  8 water elementals
  2 vampires (Crypt:3)
  3 wyverns
  A human (shapeshifter) (Vaults:5)
  7 yaks
  4 basilisks
  A human (D:10)
  2 alligator snapping turtle simulacra (Shoals:4)
  A steam dragon (D:9)
  3 human simulacra
  4 hogs (Lair:5)
  A death yak simulacrum (Shoals:4)
  2 fire elementals
  A redback (D:13)
  A sea snake simulacrum (Shoals:4)
  A warg (Orc:2)
  A warg (shapeshifter) (Depths:3)
  2 harpy simulacra (IceCv)
  2 vampire mosquitoes
  A glowing shapeshifter zombie (Vaults:4)
  9 nagas
  A deep troll zombie (Crypt:1)
  A hydra simulacrum (IceCv)
  An acid dragon (D:13)
  4 hell hounds
  3 water moccasins
  An entropy weaver zombie (Crypt:3)
  15 orc warriors
  A swamp drake (D:11)
  A swamp dragon zombie (Crypt:2)
  A satyr simulacrum (Shoals:4)
  An ogre (Orc:1)
  3 boggarts (Vaults:1)
  A centaur (D:10)
  4 wolves
  A kobold brigand (D:9)
  A bullfrog (D:8)
  A gnoll sergeant (Orc:2)
  2 merfolk simulacra (Shoals:4)
  4 earth elementals
  A faun simulacrum (Shoals:4)
  3 wights (D:10)
  Dowan (D:7)
  9 killer bees
  A manticore simulacrum (Shoals:4)
  An elephant simulacrum (IceCv)
  A snapping turtle simulacrum (Shoals:4)
  A troll skeleton (Crypt:1)
  A crimson imp (D:8)
  7 orc priests
  Crazy Yiuf (D:4)
  A basilisk skeleton (Crypt:1)
  12 orc wizards
  3 hell rats
  2 wolf simulacra
  2 spriggan simulacra
  An acid dragon zombie (Crypt:3)
  An acid dragon skeleton (Crypt:2)
  A centaur simulacrum (Shoals:4)
  A naga skeleton (Crypt:2)
  2 gnolls
  A steam dragon zombie (Crypt:3)
  An adder (D:12)
  A shadow imp (D:8)
  A worm (D:4)
  59 orcs
  A goblin (D:8)
  A jackal (D:4)
  A goblin skeleton (Crypt:3)
  A kobold (D:4)
  2 fire vortices (Hell)
  5 tentacles
938 creatures vanquished.

Vanquished Creatures (others)
  A very ugly thing (Depths:2)
  A deep troll earth mage (Depths:4)
  A deep elf knight (Elf:2)
  A deep troll (Vaults:2)
  A titan simulacrum (Hell)
  A hell hound (Hell)
  95 battlemagi
  An orc wizard (D:9)
  8 ancestors
  2 orcs (Vaults:5)
  10 fungi
  63 plants
  17 tentacles
  9 withered plants (D:15)
211 creatures vanquished.

Grand Total: 2474 creatures vanquished

Notes
Turn   | Place    | Note
-------+----------+-------------------------------------------
     0 | D:1      | Lobster4 the Human Hunter began the quest for the Orb.
     0 | D:1      | Reached XP level 1. HP: 16/16 MP: 1/1
    45 | D:1      | Found a faded altar of an unknown god.
    89 | D:1      | Reached XP level 2. HP: 22/22 MP: 2/2
   114 | D:1      | Learned a level 1 spell: Freeze
   269 | D:1      | Reached skill level 1 in Armour
   269 | D:1      | Reached XP level 3. HP: 27/27 MP: 3/3
   732 | D:2      | Identified the +1 ring mail of the Lobster {rF++ Int+4
                  | Dex+4}
  1561 | D:3      | Reached XP level 4. HP: 34/34 MP: 4/4
  1633 | D:3      | Found a shimmering altar of Xom.
  1633 | D:3      | Found a shimmering altar of Xom.
  1633 | D:3      | Found a shimmering altar of Xom.
  1635 | D:3      | Found a shimmering altar of Xom.
  1951 | D:3      | Found a runed translucent door.
  1954 | D:3      | Noticed Encipher's ghost (amateur AtFi)
  2160 | D:3      | Reached skill level 1 in Throwing
  2160 | D:3      | Reached skill level 1 in Ice Magic
  2160 | D:3      | Reached XP level 5. HP: 39/39 MP: 6/6
  2254 | D:3      | Found an ancient bone altar of Kikubaaqudgha.
  2522 | D:4      | Found a stormy altar of Qazlal.
  2622 | D:4      | Reached skill level 1 in Spellcasting
  2640 | D:4      | Reached XP level 6. HP: 43/46 MP: 8/8
  2650 | D:4      | Found a glowing drain.
  2659 | Sewer    | Entered a sewer
  2855 | Sewer    | Reached skill level 1 in Evocations
  3069 | D:4      | Found a shimmering blue altar of Sif Muna.
  3069 | D:4      | Found a glowing silver altar of Zin.
  3074 | D:4      | Noticed an ogre
  3079 | D:4      | Killed an ogre
  3080 | D:4      | Reached skill level 1 in Long Blades
  3098 | D:4      | Found a bloodstained altar of Trog.
  3118 | D:4      | Reached XP level 7. HP: 28/52 MP: 9/9
  3223 | D:4      | Noticed ytrimaz's ghost (novice FoFi)
  3228 | D:4      | Found a transporter.
  3263 | D:4      | Found a burning altar of Makhleb.
  3267 | D:4      | You fall into a shaft and drop 3 floors!
  3347 | D:7      | Noticed a manticore
  3359 | D:7      | Noticed a water moccasin
  3389 | D:7      | Killed a water moccasin
  3508 | D:7      | Noticed Maggie
  3570 | D:7      | Noticed Pikel
  3605 | D:7      | Killed Pikel
  3606 | D:7      | Reached skill level 5 in Ranged Weapons
  3606 | D:7      | Reached XP level 8. HP: 60/60 MP: 11/11
  3803 | D:7      | Noticed Duvessa
  3803 | D:7      | Noticed Dowan
  4077 | D:5      | Entered Level 5 of the Dungeon
  4150 | D:5      | Noticed Sigmund
  4466 | D:4      | Found a transporter.
  4494 | D:4      | Found a snail-covered altar of Cheibriados.
  4693 | D:4      | Found a runed translucent door.
  4694 | D:4      | Noticed Crazy Yiuf
  4778 | D:5      | Reached XP level 9. HP: 65/66 MP: 13/13
  4869 | D:5      | Found a staircase to the Ecumenical Temple.
  4876 | Temple   | Entered the Ecumenical Temple
  4900 | Temple   | Became a worshipper of Hepliaklqana the Forgotten
  4967 | D:5      | Found a large runed translucent door.
  4968 | D:5      | Found a large runed translucent door.
  4970 | D:5      | Noticed Cancer's ghost (novice GrEE)
  5260 | D:5      | Found a sparkling altar of Nemelex Xobeh.
  5331 | D:5      | Killed Sigmund
  5515 | D:5      | Reached skill level 6 in Ranged Weapons
  6068 | D:7      | Reached skill level 5 in Fighting
  6069 | D:7      | Reached skill level 5 in Dodging
  6101 | D:7      | Noticed Menkaure
  6115 | D:7      | Killed Menkaure
  6344 | D:7      | Reached * piety under Hepliaklqana
  6882 | D:8      | Found an ornate altar of the Wu Jian Council.
  6895 | D:8      | Reached XP level 10. HP: 57/66 MP: 14/16
  6897 | D:8      | Reached skill level 5 in Armour
  6996 | D:8      | Found a flagged portal.
  7003 | Bailey   | Entered a bailey
  7127 | Bailey   | Noticed an orc knight
  7158 | Bailey   | Killed an orc knight
  7272 | Bailey   | Reached skill level 5 in Ice Magic
  7277 | Bailey   | Reached skill level 7 in Ranged Weapons
  7630 | D:8      | Reached skill level 5 in Spellcasting
  7636 | D:8      | Identified the +5 flail of the Median {freeze, +Blink Str+3
                  | Stlth+}
  7805 | D:8      | Reached skill level 1 in Maces & Flails
  7879 | D:8      | Reached XP level 11. HP: 74/74 MP: 18/18
  8241 | D:9      | Noticed a two-headed ogre
  8406 | D:9      | Reached skill level 8 in Ranged Weapons
  8416 | D:9      | Reached ** piety under Hepliaklqana
  8428 | D:9      | Remembered your ancestor Chitauli as a battlemage
  8470 | D:9      | Reached skill level 1 in Invocations
  8990 | D:9      | Noticed a two-headed ogre
  8994 | D:9      | Killed a two-headed ogre
  9262 | D:9      | Killed a two-headed ogre
  9270 | D:10     | Entered Level 10 of the Dungeon
  9382 | D:10     | Found a runed translucent door.
  9386 | D:10     | Found a basalt altar of Yredelemnul.
  9430 | D:10     | Noticed a two-headed ogre
  9434 | D:10     | Killed a two-headed ogre
  9435 | D:10     | Reached XP level 12. HP: 83/83 MP: 22/22
  9569 | D:10     | Noticed a two-headed ogre
  9573 | D:10     | Killed a two-headed ogre
  9574 | D:10     | Reached skill level 9 in Ranged Weapons
  9618 | D:10     | Found a broken altar of Ashenzari.
  9643 | D:10     | Noticed a two-headed ogre
  9653 | D:10     | Killed a two-headed ogre
  9667 | D:10     | Reached skill level 10 in Ranged Weapons
  9667 | D:10     | Reached XP level 13. HP: 90/90 MP: 22/25
  9837 | D:10     | Reached *** piety under Hepliaklqana
 10317 | D:11     | Found a staircase to the Lair.
 10368 | D:11     | Noticed Snorg
 10375 | D:11     | Killed Snorg
 10782 | D:11     | Found a staircase to the Orcish Mines.
 10857 | D:11     | Found a runed translucent gate.
 10857 | D:11     | Found a runed translucent gate.
 10857 | D:11     | Found a runed translucent gate.
 10859 | D:11     | Found an opulent altar of Gozag.
 10859 | D:11     | Noticed a centaur warrior
 10860 | D:11     | Noticed ParallaxScroll's ghost (journeyman DEAE)
 11031 | Lair:1   | Entered Level 1 of the Lair of Beasts
 11061 | Lair:1   | Reached **** piety under Hepliaklqana
 11119 | Lair:1   | Found a frozen archway.
 11125 | Lair:1   | Reached skill level 10 in Fighting
 11153 | IceCv    | Entered an ice cave
 12225 | IceCv    | Reached skill level 5 in Invocations
 12668 | IceCv    | Noticed a reaper
 12859 | IceCv    | Killed a reaper
 13237 | Lair:1   | Reached XP level 14. HP: 99/99 MP: 27/27
 13321 | Lair:1   | Found the +8 whip "Snakebite" {venom, curare, rPois}
 13475 | Lair:1   | Reached skill level 11 in Ranged Weapons
 13655 | Lair:2   | Found a basalt altar of Yredelemnul.
 13759 | Lair:2   | Found a staircase to the Snake Pit.
 13962 | Lair:2   | Reached ***** piety under Hepliaklqana
 14336 | Lair:3   | Found a staircase to the Shoals.
 14391 | Lair:3   | Reached skill level 1 in Shields
 15181 | Lair:4   | Reached skill level 10 in Ice Magic
 15627 | Lair:4   | Found a staircase to the Slime Pits.
 15627 | Lair:4   | Found a viscous altar of Jiyva.
 16327 | D:4      | Learned a level 3 spell: Frozen Ramparts
 16511 | Lair:5   | Entered Level 5 of the Lair of Beasts
 16511 | Lair:5   | Noticed Kirke
 16696 | Lair:5   | Reached XP level 15. HP: 93/107 MP: 28/28
 16752 | Lair:5   | Reached skill level 10 in Spellcasting
 16762 | Lair:5   | Killed Kirke
 16841 | Lair:5   | Found a dark tunnel.
 16849 | Volcano  | Entered a volcano
 17218 | Lair:5   | Reached skill level 12 in Ranged Weapons
 17742 | Lair:5   | Reached skill level 5 in Shields
 17780 | Lair:5   | Found a large runed translucent door.
 17781 | Lair:5   | Found a large runed translucent door.
 17799 | Lair:5   | Found the -2 hat of the Alchemist {rElec rPois rF+ rC+ rN+
                  | Will+ rMut rCorr}
 18130 | Orc:1    | Entered Level 1 of the Orcish Mines
 18270 | Orc:2    | Entered Level 2 of the Orcish Mines
 18551 | Orc:2    | Found a staircase to the Elven Halls.
 18736 | Orc:2    | Noticed an orc warlord
 18781 | Orc:2    | Killed an orc warlord
 18864 | Orc:2    | Found Hodul's Self-Improvement Boutique.
 19033 | Orc:2    | Found Inurer's Antique Armour Shoppe.
 19035 | Orc:2    | Found Jimekak's Antique Weapon Emporium.
 19243 | Orc:2    | Found Viuham's Antique Armour Boutique.
 19417 | Orc:2    | Found Samij's General Store.
 19460 | Orc:2    | Acquired 1125 gold pieces
 19493 | Orc:2    | Bought a scroll of acquirement for 780 gold pieces
 19522 | Orc:2    | Bought a pair of runed gloves for 217 gold pieces
 19522 | Orc:2    | Bought a warped leather armour for 203 gold pieces
 19522 | Orc:2    | Identified the +5 leather armour "Dosiohuz" {rPois rF+
                  | Dex-3} (You bought it in a shop on level 2 of the Orcish
                  | Mines)
 19522 | Orc:2    | Bought a pair of glowing gloves for 217 gold pieces
 19591 | Orc:2    | Bought a brightly glowing cloak for 294 gold pieces
 19591 | Orc:2    | Identified the +1 cloak of the Stone Wall {-Tele Dex+4}
                  | (You bought it in a shop on level 2 of the Orcish Mines)
 19598 | Orc:2    | Bought a dazzling trident for 229 gold pieces
 19598 | Orc:2    | Identified the +0 trident of Cipunel {freeze, rF++ Dex+3}
                  | (You bought it in a shop on level 2 of the Orcish Mines)
 19619 | Orc:2    | Bought a glowing cloak for 232 gold pieces
 19683 | Orc:2    | Bought a scroll of identify for 30 gold pieces
 19923 | D:3      | Killed Encipher's ghost
 20022 | D:4      | Killed ytrimaz's ghost
 20075 | D:4      | Killed Crazy Yiuf
 20144 | D:5      | Killed Cancer's ghost
 20197 | D:7      | Killed Maggie
 20206 | D:7      | Killed Duvessa
 20213 | D:7      | Killed Dowan
 20592 | D:12     | Reached XP level 16. HP: 114/114 MP: 30/30
 20950 | D:12     | Found Zoiw's General Store.
 20955 | D:12     | Identified the +2 robe of the Robin {Drain Int+4 Dex+4}
 20960 | D:12     | Bought a scroll of butterflies for 64 gold pieces
 20960 | D:12     | Bought a scroll of butterflies for 64 gold pieces
 20969 | D:12     | Reached ****** piety under Hepliaklqana
 20979 | D:12     | Found Rixzujot's Serpentskin Sales.
 20991 | D:12     | Bought a scroll of poison for 60 gold pieces
 21425 | D:13     | Found Pakh's General Store.
 22211 | D:13     | Reached skill level 13 in Ranged Weapons
 22369 | D:13     | Found the +18 Lear's hauberk
 22640 | D:13     | Found a gate to the Vaults.
 23379 | D:13     | Reached skill level 10 in Armour
 23379 | D:13     | Reached XP level 17. HP: 122/122 MP: 31/31
 23520 | D:13     | Found a portal to a secret trove of treasure.
 24578 | D:15     | Entered Level 15 of the Dungeon
 24597 | D:15     | Reached skill level 14 in Ranged Weapons
 25646 | D:15     | Found a staircase to the Depths.
 26037 | Snake:1  | Entered Level 1 of the Snake Pit
 26037 | Snake:1  | Found an opulent altar of Gozag.
 26116 | Snake:1  | Noticed Aizul
 26127 | Snake:1  | Killed Aizul
 26807 | Snake:1  | Found Utered's Jewellery Shop.
 26807 | Snake:1  | Found Serod's Book Emporium.
 26808 | Snake:1  | Found Imasoaf's Jewellery Shop.
 26822 | Snake:1  | Bought the ring of Udghai {Will+ MP+9 Str+3 Dex+4} for 520
                  | gold pieces
 26833 | Snake:1  | Bought an amulet of the acrobat for 330 gold pieces
 26833 | Snake:1  | Acquired 552 gold pieces
 26835 | Snake:1  | Acquired 358 gold pieces
 27107 | Snake:2  | Found Heudecot's Assorted Antiques.
 27110 | Snake:2  | Bought an opalescent robe for 188 gold pieces
 27110 | Snake:2  | Identified the +1 robe "Lytyenu" {Dex+4} (You bought it in
                  | a shop on level 2 of the Snake Pit)
 27330 | Snake:2  | Found Ecroowkace's Antique Weapon Emporium.
 27614 | Snake:2  | Reached XP level 18. HP: 132/132 MP: 32/32
 27650 | Snake:2  | Reached skill level 15 in Ranged Weapons
 27650 | Snake:2  | Reached skill level 10 in Shields
 29084 | Snake:3  | Noticed Nikola
 29103 | Snake:3  | Killed Nikola
 29222 | Snake:3  | Found Ubreopn's Book Boutique.
 29222 | Snake:3  | Found Foab's Weapon Shop.
 29223 | Snake:3  | Found Widulu Kage's Magic Scroll Shop.
 29227 | Snake:3  | Found Xaarawac's Armour Boutique.
 30301 | Snake:4  | Entered Level 4 of the Snake Pit
 31255 | Snake:4  | Reached skill level 16 in Ranged Weapons
 31829 | Snake:4  | Reached skill level 15 in Fighting
 32384 | Snake:4  | Reached XP level 19. HP: 139/139 MP: 33/33
 32761 | Snake:4  | Got a serpentine rune of Zot
 33113 | Elf:1    | Entered Level 1 of the Elven Halls
 33133 | Elf:1    | Learned a level 3 spell: Hailstorm
 33184 | Elf:1    | Reached skill level 5 in Stealth
 33201 | Elf:1    | Reached skill level 1 in Conjurations
 33961 | Elf:1    | Reached skill level 17 in Ranged Weapons
 34295 | Elf:2    | Found Amevemp's Distillery.
 34827 | Elf:2    | Found a runed translucent gate.
 34829 | Elf:2    | Found a runed translucent gate.
 34829 | Elf:2    | Found a runed translucent gate.
 35152 | Elf:3    | Entered Level 3 of the Elven Halls
 35512 | Elf:3    | Reached XP level 20. HP: 147/147 MP: 34/34
 35826 | Elf:3    | Identified the +11 sling of Dominance {drain, Str+2}
 35826 | Elf:3    | Identified the ring of Gougol {rC+ rN+ Str+4}
 35842 | Elf:3    | Identified the +3 leather armour of Ykegiol {-Tele Int+7
                  | Dex+6}
 36075 | Elf:3    | Identified the +4 chain mail "Noipruel" {Str-3 Dex+5}
 37154 | Elf:3    | Got the Volume of the Pyre and Shifting
 37164 | Elf:3    | Identified the +3 ring mail "Jitseyc" {rElec rC+ Dex+6
                  | Stlth-}
 37215 | Elf:3    | Got the Lectures on Windy Attendants
 37594 | Elf:2    | Reached skill level 18 in Ranged Weapons
 38652 | Vaults:1 | Entered Level 1 of the Vaults
 38671 | Vaults:1 | Reached skill level 10 in Dodging
 39332 | Vaults:1 | Found Olenk's Book Shop.
 39557 | Vaults:1 | Identified the +6 flail "Undertaker" {freeze, rN+ Int+4}
 39687 | Vaults:1 | Found Ninu's Magic Scroll Shoppe.
 39742 | Vaults:1 | Reached XP level 21. HP: 148/153 MP: 35/35
 39867 | Vaults:1 | Reached skill level 5 in Long Blades
 39920 | Vaults:1 | Found Reschixum's Jewellery Emporium.
 39942 | Vaults:1 | Found Ugasesk's Magic Scroll Boutique.
 39963 | Vaults:1 | Bought a scroll of butterflies for 64 gold pieces
 40592 | Vaults:1 | Reached skill level 19 in Ranged Weapons
 41738 | Vaults:2 | Identified the +7 rapier of the Disturbing Curses {speed,
                  | *Noise rElec Str+4}
 41749 | Vaults:2 | Noticed Boris
 41760 | Vaults:2 | Killed Boris
 42359 | Vaults:2 | Found a transporter.
 42369 | Vaults:2 | Found a transporter.
 42421 | Vaults:2 | Found Xoomnei's Assorted Antiques.
 42488 | Vaults:2 | Reached XP level 22. HP: 154/162 MP: 36/36
 43510 | Vaults:3 | Found Fiudoc's Antique Armour Shop.
 43519 | Vaults:3 | Bought a faintly glowing plate armour for 560 gold pieces
 43519 | Vaults:3 | Identified the +10 plate armour "Put-Me-On" {rF+} (You
                  | bought it in a shop on level 3 of the Vaults)
 43626 | Vaults:3 | Found a staircase to the Crypt.
 43740 | Vaults:3 | Found Zegasa's Book Shop.
 44130 | Vaults:3 | Found Monoobel's Antique Weapon Shoppe.
 44522 | Vaults:4 | Noticed Mennas
 44530 | Vaults:4 | Killed Mennas
 44968 | Vaults:4 | Reached skill level 5 in Conjurations
 45590 | Vaults:4 | Found Fuplemp's General Store.
 46278 | Depths:1 | Entered Level 1 of the Depths
 46616 | Depths:1 | Reached XP level 23. HP: 158/169 MP: 37/37
 46982 | Depths:1 | Found a one-way gateway to a ziggurat.
 47049 | Depths:1 | Found a one-way gate to the infinite horrors of the Abyss.
 47404 | Depths:1 | Found a bloodstained altar of Trog.
 47542 | Depths:1 | Found a gateway to Hell.
 47710 | Depths:2 | Noticed Boris
 48026 | Depths:2 | Killed Boris
 48135 | Depths:2 | Found a glowing silver altar of Zin.
 48135 | Depths:2 | Found a glowing golden altar of the Shining One.
 48136 | Depths:2 | Found a white marble altar of Elyvilon.
 48899 | Depths:2 | Noticed a caustic shrike
 48914 | Depths:2 | Killed a caustic shrike
 49201 | Depths:2 | Noticed a golden dragon
 49207 | Depths:2 | Killed a golden dragon
 49288 | Depths:2 | Reached skill level 20 in Ranged Weapons
 49448 | Depths:2 | Identified the +5 battleaxe of Akoomaqo {flame, Str+3}
 49829 | Depths:2 | Found a one-way gate leading to the halls of Pandemonium.
 50084 | Depths:3 | Noticed Boris
 50093 | Depths:3 | Killed Boris
 50104 | Depths:3 | Reached XP level 24. HP: 102/177 MP: 38/38
 50595 | Depths:3 | Found an ornate altar of the Wu Jian Council.
 50851 | Depths:3 | Found a runed translucent door.
 50854 | Depths:3 | Noticed a golden dragon
 50862 | Depths:3 | Reached skill level 15 in Shields
 51061 | Depths:3 | Found a runed translucent door.
 51062 | Depths:3 | Noticed a juggernaut
 51239 | Depths:3 | Noticed a golden dragon
 51239 | Depths:3 | Noticed a golden dragon
 51259 | Depths:4 | Entered Level 4 of the Depths
 51426 | Depths:4 | Noticed the Enchantress
 51426 | Depths:4 | Noticed Parghit
 52044 | Depths:3 | Killed Parghit
 52977 | Depths:3 | Killed the Enchantress
 53657 | Depths:4 | Noticed a golden dragon
 53660 | Depths:4 | Killed a golden dragon
 53662 | Depths:4 | Noticed a golden dragon
 53677 | Depths:4 | Killed a golden dragon
 53678 | Depths:4 | Reached skill level 10 in Long Blades
 53840 | Depths:4 | Found a gate to the Realm of Zot.
 54146 | D:11     | Killed ParallaxScroll's ghost
 54706 | Vaults:2 | Identified the amulet of Virtue {Faith Slay+6}
 54728 | Vaults:2 | Identified the amulet of Ru's Whim {Acrobat Rampage Int+4}
 54995 | Shoals:1 | Entered Level 1 of the Shoals
 55160 | Shoals:1 | Identified the +1 ring mail of Untruth {Harm +Blink Slay+2}
 55289 | Shoals:1 | Reached XP level 25. HP: 185/185 MP: 38/38
 55834 | Shoals:2 | Found Zemuoph's Book Shop.
 55969 | Shoals:2 | You are sucked into a shaft and drop 1 floor!
 56214 | Shoals:3 | Found Tateahayj's Vocational Training.
 57387 | Shoals:4 | Entered Level 4 of the Shoals
 57417 | Shoals:4 | Noticed Polyphemus
 57421 | Shoals:4 | Killed Polyphemus
 57522 | Shoals:4 | Got a barnacled rune of Zot
 57572 | Shoals:4 | Reached skill level 21 in Ranged Weapons
 57612 | Shoals:4 | Noticed Ilsuiw
 57636 | Shoals:4 | Killed Ilsuiw
 57782 | Shoals:4 | Found a runed translucent gate.
 57782 | Shoals:4 | Found a runed translucent gate.
 57782 | Shoals:4 | Found a runed translucent gate.
 57787 | Shoals:4 | Noticed Bai Suzhen
 57794 | Shoals:4 | Killed Bai Suzhen
 57879 | Shoals:4 | Identified the +0 robe "Ofoh" {*Slow rPois rC+ Regen+}
 58041 | Shoals:4 | Noticed Mara
 58051 | Shoals:4 | Noticed Lobster4's illusion
 58053 | Shoals:4 | Killed Mara
 58527 | Shoals:4 | Identified the +9 hand axe of Cules {vorpal, Int+7}
 59389 | Crypt:1  | Entered Level 1 of the Crypt
 59479 | Crypt:1  | Noticed Vv
 59494 | Crypt:1  | Killed Vv
 60110 | Crypt:1  | Reached XP level 26. HP: 118/193 MP: 38/38
 60535 | Crypt:2  | Noticed Saint Roka
 60691 | Crypt:2  | Killed Saint Roka
 61116 | Crypt:2  | Noticed Boris
 61125 | Crypt:2  | Killed Boris
 61159 | Crypt:2  | Noticed Frederick
 61164 | Crypt:2  | Killed Frederick
 61635 | Crypt:3  | Entered Level 3 of the Crypt
 62373 | Crypt:3  | Found a staircase to the Tomb.
 62885 | Crypt:3  | Noticed a curse toe
 62890 | Crypt:3  | Killed a curse toe
 62893 | Crypt:3  | Noticed a curse toe
 62897 | Crypt:3  | Killed a curse toe
 63049 | Crypt:3  | Found a basalt altar of Yredelemnul.
 63057 | Crypt:3  | Found an ancient bone altar of Kikubaaqudgha.
 63111 | Crypt:3  | Found the +8 lance "Wyrmbane" {slay drac, rPois rF+ rC+
                  | AC+3}
 63111 | Crypt:3  | Found the +13 scythe of Curses {drain, Drain}
 63258 | Vaults:5 | Entered Level 5 of the Vaults
 63269 | Vaults:5 | Reached skill level 1 in Polearms
 63384 | Vaults:4 | Reached skill level 15 in Armour
 63936 | Vaults:5 | Reached skill level 22 in Ranged Weapons
 63936 | Vaults:5 | Reached XP level 27. HP: 137/199 MP: 38/38
 64663 | Vaults:5 | Identified the +5 quarterstaff of Armageddon {vorpal, rElec
                  | Stlth+}
 64794 | Vaults:5 | Noticed an ancient lich
 64882 | Vaults:4 | Killed an ancient lich
 65879 | Vaults:5 | Identified the +8 lajatang "Hebiho" {vorpal, rCorr Dex+5}
 65961 | Vaults:5 | Identified the +11 shortbow of Makhleb, Leaping {flame,
                  | *Slow rF+ MP+9}
 66020 | Vaults:5 | Identified the +2 chain mail "Kyvircho" {MP-9 Str+3 Int+2}
 66051 | Vaults:5 | Reached skill level 5 in Polearms
 66233 | Vaults:5 | Acquired a manual of Polearms
 66464 | Vaults:5 | Got a silver rune of Zot
 66607 | Vaults:5 | Identified the +6 leather armour "Udemy" {Str+4 Int+2}
 66610 | Vaults:5 | Got Qumuash's Guidebook on the Traveller
 66808 | Hell     | Entered the Vestibule of Hell
 66808 | Hell     | Noticed Geryon
 67064 | Hell     | Killed Geryon
 67501 | Hell     | Found a gateway to the decaying netherworld of Tartarus.
 67560 | Hell     | Found a gateway to the freezing wastes of Cocytus.
 67750 | Hell     | Found a gateway to the Iron City of Dis.
 68003 | Hell     | Found a gateway to the ashen valley of Gehenna.
 68008 | Hell     | Upgraded the game from 0.30-a0-359-gd0147acb1a to
                  | 0.30-a0-360-g447f08457e
 68711 | Depths:3 | Killed a juggernaut
 68790 | Depths:3 | Killed from afar by a living spell

Illustrated notes

Levels and vault maps discovered:
D:1:      minmay_arrival_diagonal_passages, layout_basic,
          shapermc_ecumenical_altar_mp_urbaneastern
D:2:      layout_basic, kennysheep_flooded_box
D:3:      layout_loops_cross, xom_redecorated,
          lemuel_zombie_altar_kikubaaqudgha, ebering_ghost_reflecting_pool,
          minmay_lizard_king
D:4:      layout_basic, mainiacjoe_overflow_brackets,
          mainiacjoe_overflow_small_starburst, mainiacjoe_overflow_alcove_1,
          grunt_qazlal_sundering, grunt_temple_overflow_open,
          gammafunk_ghost_arena, cheibrodos_sewer_entry_drain,
          uniq_crazy_yiuf_cottage
D:5:      layout_cave_pools, nemelex_diamond_rough_becter, temple_green,
          ebering_ghost_disaster_area, uniq_sigmund
D:6:      layout_basic, chequers_serial_rivers_micro_d, chequers_garden,
          chequers_serial_rivers_micro_b, minmay_misc_feat_plants
D:7:      layout_gridville, roderic_serpentine_path, uniq_maggie, uniq_duvessa,
          uniq_pikel, uniq_menkaure
D:8:      layout_rooms, mainiacjoe_overflow_alcove_4, enter_bailey_3,
          special_room [special_room_orc], minmay_nine_imps
D:9:      kennysheep_ambush_hall, layout_loops_corners
D:10:     layout_basic, lemuel_tele_altar, dk_yredelemnul_ordeal
D:11:     layout_irregular_city, david_lair_shrubbed, erik_orc_1,
          ebering_ghost_gozag, uniq_snorg
D:12:     layout_loops_ring, serial_shops, shop, hangedman_weighted_door,
          guppyfry_shop_venom
D:13:     minmay_spiral_squares, layout_basic, david_vaults_2, serial_shops,
          nicolae_inconvenience_store, enter_trove_3,
          hellmonk_guarded_unrand_lears
D:14:     layout_rooms, palyth_stone_intersect, kennysheep_boxes
D:15:     gammafunk_depths_entry_grave, layout_irregular_city,
          hellmonk_bongcloud_opening
Temple:   nicolae_temple_ecumenical_triangle
Lair:1:   layout_gridlike, portal_ice_cave_entry_ice_simulacra,
          serial_bayou_shore_b, grunt_megastairs_4, infiniplex_staircase_pool
Lair:2:   layout_regular_city, minmay_snake_entry_six_corridors, basic_altar
Lair:3:   layout_gridlike, shoals_dummy_entry
Lair:4:   layout_regular_city, slime_entry_1
Lair:5:   cheibrodos_lair_end_hotspot, layout_big_grid,
          nicolae_volcano_entry_lava_flow, uniq_kirke
Shoals:1: layout_shoals
Shoals:2: layout_shoals, serial_shops, shop_statue,
          nicolae_shoals_lost_giant_amphitheater
Shoals:3: layout_shoals, nicolae_shop_vocational
Shoals:4: shoals_end_grunt_ice, layout_shoals, shoals_ilsuiw_ice,
          nicolae_shoals_beach_cooler, uniq_bai_suzhen, uniq_mara,
          uniq_polyphemus
Snake:1:  layout_misc_corridors, basic_altar, nicolae_triple_integral,
          minmay_shop_grove, uniq_aizul
Snake:2:  layout_layer_cave, serial_shops, nicolae_square_shop,
          nicolae_shop_window_shopping
Snake:3:  layout_layer_cave, minmay_shoptagon, uniq_nikola
Snake:4:  snake_pit, layout_layer_cave
Orc:1:    layout_diamond_mine
Orc:2:    grunt_orc_community_town_hall, layout_caves,
          grunt_orc_community_big_house_1, grunt_orc_community_big_house_1,
          grunt_orc_community_house_1, grunt_orc_community_house_2,
          grunt_orc_community_house_1, grunt_orc_community_house_2,
          nicolae_orc_flooded_monolith, nicolae_shop_self_help
Elf:1:    eino_elf_arrival_sip, layout_gridlike,
          hangedman_elven_crosses_minicolossus, minivault_11
Elf:2:    elven_hall_of_blades_hangedman_original [nicolae_blade_tridents],
          layout_loops_ring, serial_shops, shop
Elf:3:    grunt_elf_hall_spiral, layout_geoelf_octagon
Vaults:1: v_rooms_3, hangedman_vaults_nodes, vaults_dpeg_encased_lava,
          v_misc_33, vaults_mumra_minichess, v_misc_4, v_pattern_3, v_misc_25,
          nicolae_vaults_little_squares_1, vaults_room_fancy_cross, st_cells,
          layout_vaults_ring, serial_shops, shop, nicolae_shop_waterfront,
          nicolae_shop_hallway_plus, shop
Vaults:2: v_misc_32, nicolae_vaults_stairing_the_circle, v_rooms_5,
          gammafunk_sealed_arena, nicolae_vaults_triangles,
          grunt_vaults_hallway_short, layout_vaults_quadrants, serial_shops,
          nicolae_shop_statue_plus, uniq_boris
Vaults:3: minmay_crypt_entry_simple_walls, vaults_room_semicircle,
          nicolae_vaults_border_crossing, v_misc_11, grunt_vaults_hallway_short,
          nicolae_vaults_asterisk, v_misc_22, vaults_mumra_hex,
          layout_vaults_big_room, serial_shops, nicolae_lakefront_shop,
          nicolae_shop_temple_entry_statues_fountains, nicolae_lakefront_shop
Vaults:4: ontoclasm_vaults_spin, nicolae_vaults_network_quincunx
          [nicolae_vaults_network_quincunx_subvault,
          nicolae_vaults_network_quincunx_subvault,
          nicolae_vaults_network_quincunx_subvault,
          nicolae_vaults_network_quincunx_subvault,
          nicolae_vaults_network_quincunx_subvault], hangedman_vaults_impose,
          nicolae_vaults_asterisk, v_rooms_2, vaults_room_fours, v_rooms_1,
          nicolae_vaults_shelves_hall, vaults_standard_mumra_x,
          grunt_vaults_bifocal, vaults_room_semicircle, layout_vaults_omnibox,
          serial_shops, shop, uniq_mennas
Vaults:5: serial_shops
Crypt:1:  layout_rooms, grunt_megastairs_3, uniq_vv, uniq_margery
Crypt:2:  layout_catacombs, uniq_frederick, uniq_saint_roka
Crypt:3:  lightli_unholy_cathedral, layout_chaotic_city,
          tomb_entry_simple_bobbens, skrybe_necro_troll_2
Depths:1: layout_basic, enter_ziggurat_f, lemuel_statue_altar, abyss_entry,
          pf_coc_iceberg, minmay_fractal_squares_diagonal_5
Depths:2: evilmike_diamond_2, layout_gridlike, good_gods_temple_1, hellmouth_3,
          grunt_pan_entry_in_and_out, infiniplex_staircase_spiral_double
Depths:3: minmay_expanding_circles, layout_gridville,
          nicolae_wu_jian_wuxing_cycle, abyss_entry, grunt_mini_vestibule,
          rand_demon_pan_entry_4, minmay_staircase_bubble, serial_bayou_shore_b
Depths:4: grunt_crosshair, layout_cave_pools, hell_entry, serial_column_ruins,
          column_ruins_square_large, column_ruins_corridor_corner,
          column_ruins_open_medium, column_ruins_grid_2, uniq_enchantress,
          uniq_parghit
Hell

Skill      XL: |  1  2  3  4  5  6  7  8  9 10 11 12 13 14 15 16 17 18 19 20 21 22 23 24 25 26 27 |
---------------+----------------------------------------------------------------------------------+-----
Armour         | 1 2 3 4 6 7 8 10 11 12 14 15 | 15.6
Throwing       | 1 |  1.0
Ice Magic      | 1 2 3 4 5 6 8 9 10 11 12 13 14 | 14.0
Spellcasting   | 1 2 3 4 5 6 8 9 10 11 | 11.0
Fighting       | 3 4 5 6 8 9 10 11 12 13 14 15 16 17 18 19 20 | 20.9
Dodging        | 3 4 5 6 7 9 10 11 12 | 12.0
Evocations     | 1 2 3 |  3.0
Long Blades    | 1 2 3 4 5 7 8 10 | 10.0
Ranged Weapons | 5 6 7 8 10 11 12 13 14 16 17 18 19 20 21 22 | 22.7
Maces & Flails | 1 2 |  2.0
Invocations    | 3 5 7 8 9 |  9.0
Shields        | 3 5 7 9 11 12 13 14 15 17 19 20 | 20.4
Stealth        | 4 5 |  5.0
Conjurations   | 3 4 5 7 |  7.0
Polearms       | 2 8 |  8.6

Action                   |  1- 3 |  4- 6 |  7- 9 | 10-12 | 13-15 | 16-18 | 19-21 | 22-24 | 25-27 || total
-------------------------+-------+-------+-------+-------+-------+-------+-------+-------+-------++-------
Melee: Eudemon blade     |       |       |       |       |       |       |    12 |   165 |   172 ||   349
       Lance             |       |       |       |       |       |       |       |       |    41 ||    41
 Fire: Shortbow          |    71 |   162 |   283 |   401 |   237 |   622 |   641 |       |       ||  2417
       Hand crossbow     |       |       |       |       |   550 |   422 |       |    10 |       ||   982
       Sling             |       |       |       |       |       |       |   458 |  1200 |  1395 ||  3053
 Cast: Freeze            |       |       |     2 |       |       |       |       |       |       ||     2
       Frozen Ramparts   |       |       |       |       |     1 |     3 |       |     4 |       ||     8
       Hailstorm         |       |       |       |       |       |       |       |     1 |       ||     1
Invok: Ancestor Life: Ba |       |       |       |     1 |       |       |       |       |       ||     1
       Recall Ancestor   |       |       |       |       |     1 |     2 |       |     2 |    10 ||    15
       Transference      |       |       |       |       |     1 |       |     1 |       |       ||     2
       Idealise          |       |       |       |       |       |     1 |     2 |       |       ||     3
Evoke: Wand              |       |       |    10 |       |       |     1 |       |       |       ||    11
       Lightning rod     |       |       |       |       |     1 |       |       |     4 |       ||     5
       Tin of tremorston |       |       |       |       |       |       |       |     4 |       ||     4
       Phantom mirror    |       |       |       |       |       |       |       |     1 |       ||     1
       Condenser vane    |       |       |       |       |       |       |       |     1 |     2 ||     3
       Box of beasts     |       |       |       |       |       |       |       |       |     1 ||     1
  Use: Scroll            |       |     6 |    11 |     6 |    17 |     8 |    18 |     7 |    11 ||    84
       Potion            |       |       |     1 |     3 |     4 |     5 |     6 |     4 |     2 ||    25
 Stab: Distracted        |       |       |       |       |       |       |       |     6 |     7 ||    13
Armor: Leather armour    |    10 |       |       |       |    38 |       |       |       |       ||    48
       Ring mail         |     3 |    49 |    94 |    58 |    54 |   127 |    48 |    88 |       ||   521
       Plate armour      |       |       |       |       |       |       |       |    35 |   299 ||   334
Dodge: Dodged            |    14 |    64 |   108 |   136 |   167 |   272 |   159 |   319 |   318 ||  1557
Block: Kite shield       |       |       |       |       |       |    31 |       |       |       ||    31
       Tower shield      |       |       |       |       |       |       |   197 |   763 |  1074 ||  2034
       Reflection        |       |       |       |       |       |       |    41 |    39 |    51 ||   131

Table legend: (Time is in decaauts)
 A = Elapsed time spent in this place.
 B = Non-inter-level travel time spent in this place.
 C = Inter-level travel time spent in this place.
 D = Time resting spent in this place.
 E = Time spent auto-exploring this place.
 F = Levels seen in this place.
 G = Mean time per level.
                   A        B        C        D        E       F      G
               +--------+--------+--------+--------+--------+-----+--------+
         Total |  69740 |  64119 |   5621 |  16087 |  33198 |  51 | 1367.5 |
       Dungeon |  18114 |  15991 |   2123 |   2847 |   9728 |  15 | 1207.6 |
        Temple |     42 |     36 |      6 |      0 |     24 |   1 |   42.0 |
          Lair |   5036 |   4360 |    676 |    196 |   3175 |   5 | 1007.2 |
        Shoals |   4288 |   4079 |    209 |    436 |   2677 |   4 | 1072.0 |
     Snake Pit |   6967 |   6454 |    513 |   1241 |   3935 |   4 | 1741.8 |
  Orcish Mines |   1680 |   1407 |    273 |    151 |    841 |   2 |  840.0 |
   Elven Halls |   5314 |   5033 |    281 |   1879 |   1772 |   3 | 1771.3 |
        Vaults |  11528 |  10623 |    905 |   3462 |   5022 |   5 | 2305.6 |
         Crypt |   3896 |   3736 |    160 |    703 |   2077 |   3 | 1298.7 |
        Depths |   8815 |   8373 |    442 |   3405 |   3178 |   4 | 2203.8 |
          Hell |    862 |    834 |     28 |    206 |    312 |   1 |  862.0 |
         Sewer |    460 |    460 |      0 |      2 |    309 |   1 |  460.0 |
        Bailey |    578 |    578 |      0 |    211 |     93 |   1 |  578.0 |
      Ice Cave |   1791 |   1791 |      0 |   1186 |     50 |   1 | 1791.0 |
       Volcano |    364 |    364 |      0 |    157 |      0 |   1 |  364.0 |
               +--------+--------+--------+--------+--------+-----+--------+

Top non-repeatable levels by time:
Depths:3: 4147 daAuts
Vaults:4: 3614 daAuts
    D:13: 2633 daAuts
   Elf:2: 2513 daAuts
Vaults:1: 2503 daAuts
 Snake:3: 2448 daAuts
Vaults:2: 2359 daAuts
 Snake:4: 2195 daAuts
Depths:2: 2182 daAuts
   IceCv: 1791 daAuts
Depths:1: 1785 daAuts
Shoals:4: 1754 daAuts
Vaults:3: 1724 daAuts
    D:15: 1676 daAuts
   Elf:3: 1617 daAuts
